 Dungeon Crawl Stone Soup version 0.19.1-1-g22dce08 (webtiles) character file.

139 PossumBlood the Chopper (level 5, -2/47 HPs)
             Began as a Minotaur Fighter on Jan 7, 2017.
             Slain by a gnoll
             ... wielding a +0 spear
              (7 damage)
             ... on level 3 of the Dungeon on Jan 20, 2017.
             The game lasted 00:05:02 (2164 turns).

PossumBlood the Chopper (Minotaur Fighter)          Turns: 2164, Time: 00:05:03

Health: -2/47      AC:  8    Str: 25 (26) XL:     5   Next: 1%
Magic:  4/4        EV:  7    Int:  8      God:
Gold:   92         SH:  9    Dex:  8 (10) Spells: 0 memorised, 4 levels left

rFire  . . .     SeeInvis .     a - +0 war axe
rCold  + . .     Gourm    .     b - +0 scale mail
rNeg   . . .     Faith    .     c - +0 shield
rPois  +         Spirit   .     (helmet restricted)
rElec  .         Reflect  .     k - +0 cloak
rCorr  .         Harm     .     (no gloves)
MR     .....     Clarity  +     (no boots)
Stlth  ..........               (no amulet)
                                p - +3 ring of intelligence
                                n - ring of protection from cold

@: mighty
A: retaliatory headbutt, horns 2, clarity, poison resistance
a: no special abilities


You were on level 3 of the Dungeon.
You were hungry.

You visited 1 branch of the dungeon, and saw 3 of its levels.
You also visited: Sewer.

You collected 92 gold pieces.

Inventory:

Hand Weapons
 a - a +0 war axe (weapon)
Armour
 b - a +0 scale mail (worn)
 c - a +0 shield (worn)
 k - a +0 cloak (worn)
Jewellery
 n - a ring of protection from cold (left hand)
 p - a +3 ring of intelligence (right hand)
Scrolls
 i - 2 scrolls of fear
 l - a scroll of remove curse
Potions
 d - 3 potions of might
 e - a potion of flight {unknown}
 h - a potion of haste {unknown}
 j - a potion of magic {unknown}
 r - a potion of brilliance {unknown}
Comestibles
 f - 5 bread rations
 g - a beef jerky
 q - a royal jelly
 u - a slice of pizza


   Skills:
 + Level 4.7 Fighting
 * Level 5.5 Axes
 - Level 3.6 Armour
 - Level 3.6 Shields


You had 4 spell levels left.
You didn't know any spells.

Dungeon Overview and Level Annotations

Branches:
Dungeon (3/15)

Altars:


Innate Abilities, Weirdness & Mutations

You reflexively headbutt those who attack you in melee.
You have a pair of horns on your head.
You possess an exceptional clarity of mind.
Your system is resistant to poisons. (rPois)


Message History

Welcome back, PossumBlood the Minotaur Fighter.
Press ? for a list of commands and other information.
You feel very mighty all of a sudden. The gnoll barely misses you.
You block the gnoll's attack.
You barely miss the gnoll.
The gnoll is heavily wounded.
The gnoll hits you from afar with a spear.
* * * LOW HITPOINT WARNING * * *
You block the gnoll's attack.
You slash the gnoll!
You kill the gnoll!
You have reached level 5!
The gnoll hits you but does no damage. x2
The gnoll hits you but does no damage.
Things that are here:
a club; a glowing robe; a gnoll corpse You hit the gnoll.
Your headbutt misses the gnoll.
The gnoll is moderately wounded.
The gnoll hits you with a spear!
You die...

.........#
....####.#.#
#.#. #.#.# ##
.<.. #.#.# ###.
#.. ..#.####...
#.. ###........
#.# #........
#g# # ######...
#######@#.# #...
..<(..)$#.# ####
######....#
##.#############
#.......†.....#
#############.#
#.#### #.....
######


You could see a gnoll.

Vanquished Creatures
  3 adders
  3 gnolls (D:3)
  2 worms (D:3)
  2 dart slugs
  A leopard gecko (D:1)
  2 orcs (D:3)
  4 ball pythons
  3 giant cockroaches
  7 goblins
  9 hobgoblins
  8 jackals
  4 quokkas
  3 bats
  2 frilled lizards (D:1)
  6 kobolds
  6 rats
  3 plants (Sewer)
68 creatures vanquished.

Notes
Turn   | Place    | Note
-------+----------+-------------------------------------------
     0 | D:1      | PossumBlood the Minotaur Fighter began the quest for the Orb.
     0 | D:1      | Reached XP level 1. HP: 19/19 MP: 0/0
    68 | D:1      | Reached skill level 3 in Axes
   123 | D:1      | Reached XP level 2. HP: 27/27 MP: 1/1
   838 | D:2      | Reached XP level 3. HP: 33/33 MP: 2/2
  1018 | D:2      | Reached skill level 4 in Axes
  1244 | D:2      | Gained mutation: You possess an exceptional clarity of mind. [potion of beneficial mutation]
  1245 | D:2      | Gained mutation: Your system is resistant to poisons. (rPois) [potion of beneficial mutation]
  1415 | D:3      | Found a glowing drain.
  1421 | D:3      | Reached XP level 4. HP: 32/41 MP: 3/3
  1430 | Sewer    | Entered a sewer
  1620 | Sewer    | Reached skill level 5 in Axes
  2162 | D:3      | Reached XP level 5. HP: 4/47 MP: 4/4
  2164 | D:3      | Slain by a gnoll

Skill      XL: |  1  2  3  4 |
---------------+-------------+-----
Axes           | 3 4 5 |  5.5
Fighting       | 4 |  4.7
Armour         | |  3.6
Shields        | |  3.6

Action                   |  1- 3 |  4- 6 || total
-------------------------+-------+-------++-------
Melee: War axe           |    85 |   130 ||   215
       Headbutt          |    17 |    24 ||    41
  Use: Potion            |     7 |     1 ||     8
       Scroll            |     3 |     2 ||     5
  Eat: Fruit             |     2 |     3 ||     5
Armor: Scale mail        |    40 |    48 ||    88
Dodge: Dodged            |    21 |    25 ||    46
Block: Shield            |    33 |    46 ||    79
